Map: [ESL] Post-Youth

Players

Dark - Winner!

  • Race: Zerg Zerg
  • Spawn Location: 1:00

ByuN

  • Race: Terran Terran
  • Spawn Location: 7:00

Event: ESL Spring 2024 Finals

VOD

Have the link to the VOD?

Description

Time

  • Played on: June 1, 2024, 4:52 p.m.
  • Length: 16:46

All games in this series

Show
View Real Time Build Order
Export as new Build Order

Dark Zerg - Winner!

Build Orders: Hatch First 

Get SALT Encoding   

  12  0:00  Drone  
  13  0:13  Overlord  
  13  0:17  Drone  
  14  0:31  Drone x2  
  16  0:50  Hatchery  
  16  0:53  Drone  
  16  0:56  Drone  
  17  1:00  Drone  
  18  1:11  Drone  
  18  1:17  Spawning Pool  
  18  1:22  Drone  
  19  1:29  Drone  
  20  1:41  Drone  
  20  1:46  Hatchery  
  20  1:52  Drone  
  21  2:04  Queen, Zergling x2  
  21  2:05  Zergling x2  
  25  2:12  Queen  
  27  2:18  Overlord  
  27  2:21  Drone  
  28  2:36  Drone x4  
  32  2:39  Queen  
  34  2:46  Overlord  
  34  2:48  Queen  
  36  2:53  Overlord  
  36  2:58  Queen  
  36  3:00  Drone  
  36  3:02  Drone  
  36  3:04  Drone  
  41  3:07  Drone  
  41  3:08  Drone  
  43  3:15  Queen  
  43  3:19  Drone x3  
  48  3:21  Drone  
  48  3:25  Queen  
  51  3:28  Drone  
  51  3:30  Drone  
  53  3:35  Extractor, Drone x2  
  53  3:36  Extractor, Drone  
  53  3:39  Drone x2  
  56  3:45  Drone x2  
  58  3:49  Overlord  
  58  3:53  Overlord  
  58  3:56  Overlord  
  58  3:59  Overlord  
  58  4:02  Overlord  
  58  4:04  Overlord  
  58  4:05  Overlord  
  58  4:09  Overlord  
  58  4:10  Queen  
  58  4:12  Queen  
  58  4:14  Drone  
  58  4:16  Drone  
  64  4:17  Drone  
  64  4:18  Drone  
  64  4:21  Drone x2  
  64  4:23  Drone  
  69  4:25  Metabolic Boost  
  69  4:28  Drone  
  69  4:29  Drone  
  69  4:30  Drone  
  69  4:31  Drone  
  73  4:36  Drone  
  73  4:37  Evolution Chamber  
  73  4:38  Drone  
  74  4:39  Drone, Evolution Chamber  
  74  4:46  Drone x2  
  74  4:48  Drone x2  
  74  4:51  Drone  
  74  4:52  Drone x3  
  82  4:58  Extractor  
  81  5:00  Extractor  
  81  5:03  Zerg Melee Weapons Level 1  
  81  5:04  Drone x2  
  81  5:07  Zerg Ground Armor Level 1  
  81  5:11  Drone x3  
  84  5:14  Hatchery  
  84  5:19  Extractor  
  82  5:25  Drone  
  82  5:26  Lair, Drone  
  84  5:31  Drone, Hatchery  
  84  5:36  Hatchery  
  84  5:39  Drone x3, Baneling Nest  
  84  5:40  Drone x2  
  84  5:41  Drone  
  84  5:42  Drone  
  89  5:43  Zergling x8  
  89  5:48  Zergling x8  
  89  5:49  Zergling x2  
  98  5:56  Zergling x8  
  102  6:01  Burrow  
  102  6:02  Zergling x8  
  106  6:07  Hatchery  
  106  6:11  Zergling x6  
  108  6:16  Zergling x2  
  109  6:19  Drone  
  110  6:27  Centrifugal Hooks  
  110  6:28  Infestation Pit  
  103  6:35  Hatchery  
  103  6:37  Drone x3  
  103  6:38  Zergling x18  
  110  6:42  Zergling x2  
  111  6:48  Baneling x4  
  111  6:49  Baneling x6  
  111  6:52  Zergling x10  
  116  6:59  Zerg Melee Weapons Level 2, Zergling x12  
  122  7:06  Zerg Ground Armor Level 2  
  122  7:08  Zergling x4  
  124  7:15  Hive  
  123  7:21  Zergling x2  
  123  7:22  Zergling x14  
  131  7:23  Baneling x5  
  131  7:24  Baneling x2  
  131  7:25  Overlord x5  
  131  7:35  Hatchery  
  126  7:41  Zergling x12  
  126  7:42  Zergling x2  
  131  7:48  Zergling x20  
  131  7:51  Baneling x10  
  141  7:54  Zergling x14  
  141  7:55  Zergling x2  
  141  7:58  Baneling x9  
  149  7:59  Baneling  
  149  8:03  Zergling x4  
  149  8:04  Baneling x3  
  149  8:05  Baneling x2  
  150  8:07  Zergling x8  
  153  8:14  Zergling x10  
  153  8:15  Baneling x2  
  153  8:16  Baneling x2  
  153  8:17  Zergling x8  
  162  8:22  Overlord  
  162  8:29  Zergling x6  
  162  8:30  Overlord  
  165  8:35  Ultralisk Cavern  
  156  8:44  Zergling x2  
  156  8:45  Zergling x20  
  157  8:51  Zergling x12  
  157  8:56  Viper x2, Adrenal Glands  
  157  8:58  Drone x2  
  157  8:59  Drone x3  
  157  9:00  Drone  
  169  9:11  Zergling x4  
  171  9:17  Zergling x10  
  171  9:18  Zergling x4  
  171  9:20  Hatchery  
  174  9:24  Drone  
  174  9:25  Zergling x16  
  174  9:27  Chitinous Plating  
  183  9:34  Zerg Melee Weapons Level 3  
  183  9:36  Drone x4  
  183  9:37  Drone, Spore Crawler  
  183  9:38  Extractor x2, Drone x2  
  186  9:42  Baneling x5  
  157  9:53  Zergling x18  
  157  9:58  Zergling x2  
  142  10:03  Zergling x18  
  147  10:08  Ultralisk  
  147  10:09  Drone x3  
  147  10:12  Drone  
  157  10:16  Baneling x2  
  157  10:18  Zergling x4  
  158  10:22  Zergling x2  
  143  10:33  Drone x7  
  143  10:38  Ultralisk x2  
  143  10:41  Zergling x8  
  158  10:42  Zerg Ground Armor Level 3  
  158  10:46  Anabolic Synthesis  
  158  10:47  Zergling x4  
  158  10:48  Baneling x3  
  160  10:56  Zergling x18  
  169  10:59  Pneumatized Carapace  
  169  11:00  Zergling x12  
  174  11:09  Baneling x8  
  174  11:12  Zergling x14  
  181  11:18  Hatchery  
  177  11:26  Ultralisk  
  177  11:27  Zergling x10  
  187  11:40  Nydus Network  
  187  11:42  Overlord, Zergling x2  
  187  11:43  Overlord x2  
  187  11:44  Baneling x2  
  187  11:45  Baneling x3  
  187  11:48  Overlord, Hatchery  
  187  11:49  Overlord x3  
  186  12:03  Zergling x28  
  186  12:05  Baneling x12  
  197  12:18  Zergling x10  
  198  12:23  Zerg Missile Weapons Level 1  
  198  12:26  Hydralisk Den  
  198  12:29  Overseer x3  
  196  12:36  Zergling x2  
  196  12:37  Zergling x4  
  187  12:47  Zergling x36  
  187  12:50  Baneling  
  187  12:51  Baneling x8  
  193  12:53  Zergling x8  
  193  13:02  Zergling x12  
  189  13:12  Zergling x12  
  164  13:20  Zergling x6  
  164  13:21  Zergling x4  
  164  13:24  Drone x6  
  164  13:25  Drone x3  
  176  13:30  Grooved Spines  
  176  13:34  Zergling x10  
  179  13:43  Baneling x9  
  179  13:45  Zergling x10  
  176  14:08  Zergling x24  
  176  14:19  Zerg Missile Weapons Level 2  
  176  14:20  Muscular Augments  
  176  14:21  Hydralisk x12  
  176  14:23  Zergling x10  
  193  14:42  Zergling x20  
  186  14:54  Hydralisk x6  
  186  14:55  Zergling x2  
  186  14:56  Zergling x10  
  196  15:02  Zergling x8  
  196  15:03  Baneling x6  
  195  15:19  Baneling x2  
  195  15:25  Zergling x10  
  195  15:27  Baneling x8  
  199  15:32  Overseer x3  
  199  15:39  Zergling x8  
  196  15:45  Zergling x18  
  196  15:46  Zergling x2  
  183  15:52  Ultralisk x3  
  183  15:53  Zergling x2  
  183  15:54  Zergling x6  
  183  15:55  Zergling x6  
  192  15:58  Hydralisk x3  
  192  16:03  Zergling x18  
  196  16:06  Zergling x4  
  196  16:10  Hydralisk  
  195  16:11  Baneling x8  
  195  16:14  Zergling x14  
  198  16:27  Nydus Canal  
Show
View Real Time Build Order
Export as new Build Order

ByuN Terran 

Build Orders: Reaper Expand 

Get SALT Encoding   

  12  0:00  SCV  
  13  0:12  SCV  
  14  0:17  Supply Depot  
  14  0:24  SCV  
  15  0:38  SCV  
  15  0:40  Barracks  
  16  0:43  Refinery  
  16  0:50  SCV  
  17  1:03  SCV  
  18  1:15  SCV  
  19  1:26  Reaper  
  19  1:27  Orbital Command  
  20  1:40  Command Center  
  20  1:47  Supply Depot  
  20  1:52  SCV  
  21  1:58  Marine  
  22  2:04  SCV  
  23  2:16  SCV  
  23  2:17  Barracks Reactor  
  24  2:24  Command Center  
  24  2:28  SCV  
  25  2:38  Barracks  
  25  2:40  SCV  
  26  2:52  SCV, Orbital Command  
  26  2:57  Barracks  
  27  3:02  Marine x2  
  27  3:05  SCV  
  31  3:20  SCV x2  
  31  3:21  Marine x2  
  31  3:25  Barracks Tech Lab  
  34  3:28  Refinery  
  34  3:32  SCV x2  
  36  3:37  Orbital Command  
  36  3:39  Marine x2  
  36  3:40  Refinery  
  38  3:43  Stimpack, Marine  
  38  3:44  Barracks Reactor  
  38  3:46  SCV x2  
  41  3:50  Factory  
  41  3:58  SCV x2  
  41  3:59  Marine x2  
  41  4:00  Marine  
  46  4:04  SCV  
  46  4:10  SCV x2  
  46  4:16  SCV  
  49  4:18  Engineering Bay x2  
  49  4:22  SCV x2  
  51  4:27  Refinery, Supply Depot  
  51  4:28  SCV  
  52  4:34  SCV  
  52  4:35  SCV  
  52  4:36  Factory Reactor, Starport  
  54  4:40  Marine  
  54  4:41  Marine x2, Orbital Command  
  54  4:42  Marine  
  54  4:43  Marine  
  60  4:47  SCV  
  60  4:48  SCV  
  61  4:58  Barracks  
  62  5:00  Barracks, Terran Infantry Armor Level 1  
  62  5:01  Terran Infantry Weapons Level 1  
  62  5:05  SCV x2  
  63  5:07  Supply Depot  
  63  5:08  Marine x3  
  63  5:09  Marine  
  63  5:10  Marine  
  68  5:16  SCV  
  69  5:23  Supply Depot  
  69  5:25  SCV x2, Medivac x2, Factory Tech Lab  
  69  5:27  Combat Shield  
  75  5:29  SCV  
  75  5:34  Supply Depot  
  76  5:35  Marine  
  76  5:36  Marine x2  
  76  5:37  Marine  
  76  5:39  Marine  
  76  5:41  SCV x3  
  84  5:48  Siege Tank  
  84  5:49  Supply Depot  
  87  5:50  Barracks Reactor x2  
  87  5:54  Armory  
  87  5:57  SCV x2  
  87  5:58  SCV  
  87  6:01  Marine x3  
  87  6:02  Marine  
  87  6:03  Marine  
  95  6:09  Supply Depot  
  95  6:10  Supply Depot  
  95  6:19  Marine x4  
  95  6:21  Siege Tank, Marine  
  95  6:23  SCV x3  
  106  6:28  Refinery  
  104  6:37  Marine x7  
  106  6:40  Medivac x2  
  106  6:41  Marine x2  
  106  6:43  SCV x2  
  106  6:44  SCV  
  115  6:49  Factory  
  115  6:54  Siege Tank  
  118  6:55  Marine x2  
  118  6:58  Supply Depot x2  
  118  7:00  Terran Infantry Armor Level 2, Terran Infantry Weapons Level 2  
  120  7:04  Marine x4  
  120  7:05  Marine  
  125  7:19  Supply Depot  
  125  7:20  Medivac x2, Marine x2  
  131  7:26  SCV x2  
  133  7:30  Command Center  
  133  7:34  Supply Depot  
  133  7:36  Factory Reactor  
  133  7:38  Supply Depot  
  133  7:40  SCV, Supply Depot  
  134  7:44  Marine x5  
  134  7:46  Marine  
  134  7:47  Marine x2  
  142  7:53  Widow Mine, Marine  
  145  7:59  Terran Vehicle And Ship Armor Level 1  
  145  8:00  SCV x3  
  145  8:02  Marine x2  
  150  8:07  Marine x3  
  150  8:08  Marine x3  
  156  8:18  Widow Mine x2  
  160  8:20  Barracks  
  160  8:21  Barracks x2  
  160  8:23  SCV  
  160  8:24  SCV x2  
  160  8:25  Widow Mine  
  164  8:33  Supply Depot  
  164  8:39  Widow Mine, Marine  
  164  8:40  Marine x3  
  164  8:41  Marine x3  
  165  8:42  Widow Mine  
  165  8:44  Marine x2  
  165  8:47  SCV x3  
  145  8:57  Marine  
  145  8:59  SCV x2  
  145  9:00  SCV  
  143  9:10  Barracks Tech Lab x3  
  143  9:11  SCV x2  
  143  9:12  SCV  
  146  9:17  Marine x8  
  146  9:21  Marine  
  146  9:23  SCV  
  146  9:24  SCV x2  
  158  9:34  Planetary Fortress  
  158  9:35  SCV, Marine  
  158  9:36  SCV  
  161  9:40  Marauder  
  161  9:41  Marine  
  161  9:42  Marine  
  165  9:46  SCV  
  165  9:48  SCV x2  
  145  9:56  Medivac x2  
  145  9:58  SCV, Marine x3  
  145  9:59  Marine  
  137  10:00  SCV x2, Marine x2  
  137  10:01  Marauder  
  141  10:09  Marine x2  
  141  10:10  SCV  
  141  10:12  SCV x2  
  141  10:13  SCV  
  147  10:16  Marine x3  
  147  10:20  Terran Infantry Armor Level 3, Terran Infantry Weapons Level 3  
  150  10:28  Marauder  
  139  10:29  Marine  
  139  10:34  Marine x3  
  129  10:36  Marine x4  
  129  10:38  SCV x3  
  134  10:43  Marauder x2  
  134  10:44  Marauder  
  134  10:47  Marine  
  134  10:49  Marauder  
  141  10:55  Terran Vehicle And Ship Armor Level 2  
  141  10:56  Marine  
  142  10:57  Widow Mine x3  
  148  11:06  Marine x4  
  148  11:07  Marine x3  
  148  11:09  Marauder x2  
  148  11:10  Marauder  
  161  11:18  Widow Mine, Concussive Shells  
  161  11:19  Widow Mine  
  163  11:27  Marine x4  
  163  11:31  Marauder x3  
  163  11:32  Marauder  
  175  11:33  Marine  
  175  11:34  Marine x3  
  179  11:43  Medivac  
  179  11:44  Medivac, Marine  
  179  11:45  Marine x2  
  184  11:52  Marauder, Marine x2  
  188  12:00  Command Center  
  188  12:05  Sensor Tower  
  188  12:11  Supply Depot x2  
  188  12:32  Medivac x2  
  188  12:33  Marauder x4  
  200  12:38  Command Center  
  200  12:39  Command Center  
  190  12:54  Marauder x2  
  190  12:55  Widow Mine x2  
  198  13:01  Marauder x2  
  198  13:04  Marine x2  
  187  13:15  Marauder x2  
  187  13:19  Widow Mine x2  
  185  13:20  Marine x2  
  185  13:21  Marine x2  
  185  13:22  Marauder  
  185  13:23  Marauder  
  192  13:31  Medivac x2  
  192  13:32  Widow Mine  
  188  13:37  Marauder x2  
  188  13:38  SCV x2  
  188  13:40  Widow Mine  
  196  13:44  Marauder x2  
  200  13:58  Marauder, Orbital Command x2  
  200  14:01  Medivac, Marine  
  200  14:14  Orbital Command  
  191  14:17  SCV x2  
  191  14:18  SCV x2  
  191  14:19  Marauder x3, Marine x2  
  191  14:20  Marauder  
  191  14:21  Marine  
  200  14:37  Command Center x2  
  199  14:42  Marauder x3  
  199  14:43  Marine x2  
  183  14:51  Marauder, Marine  
  183  14:52  Marine x3  
  172  14:53  Marine x2  
  172  14:54  Widow Mine x3  
  172  14:55  Medivac  
  178  15:00  Medivac, Marine  
  178  15:01  Marine  
  178  15:03  Marauder x2, Marine  
  178  15:05  SCV x3  
  176  15:08  SCV  
  176  15:09  Orbital Command, Marine  
  176  15:10  SCV  
  173  15:25  Medivac  
  175  15:30  Medivac  
  175  15:32  Widow Mine  
  175  15:33  Widow Mine x2, Marine  
  175  15:34  Marine x3  
  187  15:39  Marauder x2  
  187  15:40  Orbital Command  
  191  15:45  Marauder  
  191  15:46  Marine  
  191  15:47  Marine  
  191  15:49  SCV x2  
  177  15:52  SCV, Orbital Command  
  177  15:54  Widow Mine  
  177  15:55  Marauder, Marine x2  
  177  15:56  Marine  
  162  15:57  Orbital Command  
  162  15:58  Marine  
  162  15:59  Marine  
  162  16:00  Marauder  
  162  16:01  SCV  
  158  16:07  Widow Mine  
  151  16:12  Marauder x2  
  151  16:14  Marine  
  156  16:19  Marine x3  
  156  16:22  Marine  
Tags
 
Add a new tag
Caveats
  • Supply blocks, unpowered buildings, or Contaminate may cause inaccurate times.
  • Supply counts are checked every 10 seconds.